[Event "Titled Tuesday Blitz February 15 Early 2022"]
[White "Varney, Zoe"]
[Black "Ronka, Erik"]
[WhiteFideId "436135"]
[BlackFideId "505080"]
[WhiteElo "1808"]
[BlackElo "2264"]
[Result "1-0"]
[Round "09"]
[TimeControl "180+1"]
[Date "2022.02.15"]
[WhiteClock "0:00:05"]
[BlackClock "0:00:10"]

1. e4 c5 2. Nf3 d6 3. d4 cxd4 4. Nxd4 Nf6 5. Nc3 g6 6. Be3 Bg7 7. f3 O-O 8. Qd2 Nc6 9. O-O-O d5 10. Nxc6 bxc6 11. exd5 cxd5 12. g4 e6 13. h4 h5 14. Bh6 Qb6 15. Bxg7 Kxg7 16. Bd3 Rb8 17. b3 Ba6 18. Na4 Qc6 19. Bxa6 Qxa6 20. gxh5 Nxh5 21. Rdg1 Qd6 22. Rg5 Qa3+ 23. Kb1 Qxa4 24. Rxh5 Rh8 25. Rxh8 Kxh8 26. Qh6+ Kg8 27. h5 Qd4 28. hxg6 Qg7 29. gxf7+ Kxf7 30. Qf4+ Qf6 31. Qxb8 Qxf3 32. Rh7+ Kg6 33. Qg8+ 1-0


[Site "https://www.chess.com"]

[Event "Titled Tuesday Blitz February 15 Early 2022"]
[White "Viani Antonio Dcunha"]
[Black "Galyas, Miklos"]
[WhiteFideId "5027330"]
[BlackFideId "707244"]
[WhiteElo "2366"]
[BlackElo "2409"]
[Result "1-0"]
[Round "09"]
[TimeControl "180+1"]
[Date "2022.02.15"]
[WhiteClock "0:00:17"]
[BlackClock "0:00:31"]

1. e4 d6 2. d4 Nf6 3. Nc3 g6 4. f4 Bg7 5. Nf3 O-O 6. e5 dxe5 7. fxe5 Nd5 8. Bc4 Nxc3 9. bxc3 c5 10. O-O Nc6 11. Be3 Bg4 12. Rb1 b6 13. h3 Bf5 14. dxc5 Qc7 15. cxb6 axb6 16. Bxb6 Qc8 17. Bd5 Nxe5 18. Nxe5 Bxe5 19. Bxa8 Qxa8 20. Bd4 Bd6 21. Rxf5 gxf5 22. Qh5 f6 23. Qxf5 Qxa2 24. Re1 Kh8 25. Qd3 Qf7 26. c4 Rc8 27. Re4 Qg6 28. Rg4 Qf7 29. c5 Bc7 30. Qf5 Rd8 31. Re4 Bg3 32. Rxe7 Qxe7 33. Qxf6+ Qxf6 34. Bxf6+ Kg8 35. Bxd8 Kf7 36. c6 1-0


[Site "https://www.chess.com"]

[Event "Titled Tuesday Blitz February 15 Early 2022"]
[White "Voege, Tobias"]
[Black "Guliyev, Namig"]
[WhiteFideId "1270513"]
[BlackFideId "13400363"]
[WhiteElo "2335"]
[BlackElo "2487"]
[Result "0-1"]
[Round "09"]
[TimeControl "180+1"]
[Date "2022.02.15"]
[WhiteClock "0:00:10"]
[BlackClock "0:02:18"]

1. d4 d5 2. c4 dxc4 3. e4 Nf6 4. e5 Nd5 5. Bxc4 Nb6 6. Bb3 Nc6 7. Ne2 Bf5 8. O-O e6 9. Nbc3 Nb4 10. Ng3 Bg6 11. Be3 c6 12. a3 N4d5 13. Rc1 Nxc3 14. Rxc3 Be7 15. f4 Qd7 16. Ba2 O-O 17. Qg4 Nd5 18. Bxd5 Qxd5 19. f5 exf5 20. Nxf5 Bxf5 21. Rxf5 Qe6 22. Qf3 Rad8 23. Rh5 g6 24. Rh3 f6 25. Bh6 Rf7 26. Qe2 Rxd4 27. Rce3 f5 28. Rhf3 Bc5 29. Kh1 Rfd7 30. h3 Rd2 31. Rd3 Rxe2 0-1


[Site "https://www.chess.com"]

[Event "Titled Tuesday Blitz February 15 Early 2022"]
[White "Von Buelow, Georg"]
[Black "Einarsson, Halldor Gretar"]
[WhiteFideId "4620658"]
[BlackFideId "2300150"]
[WhiteElo "2204"]
[BlackElo "2114"]
[Result "1-0"]
[Round "09"]
[TimeControl "180+1"]
[Date "2022.02.15"]
[WhiteClock "0:01:21"]
[BlackClock "0:00:26"]

1. e4 e5 2. Nf3 Nc6 3. Nc3 Nf6 4. d4 exd4 5. Nxd4 Bb4 6. Nxc6 bxc6 7. Bd3 d5 8. exd5 cxd5 9. O-O O-O 10. Bg5 c6 11. Qf3 Be7 12. h3 h6 13. Bf4 Be6 14. Ne2 c5 15. c3 Bd6 16. Rfe1 Rb8 17. b3 Qc7 18. Rad1 a5 19. Bc2 a4 20. Bxd6 Qxd6 21. Nf4 axb3 22. axb3 Ra8 23. Ra1 d4 24. Rxa8 1-0


[Site "https://www.chess.com"]

[Event "Titled Tuesday Blitz February 15 Early 2022"]
[White "Vovk, Orest"]
[Black "Leve, Nitai"]
[WhiteFideId "14113490"]
[BlackFideId "2006898"]
[WhiteElo "2203"]
[BlackElo "2144"]
[Result "1-0"]
[Round "09"]
[TimeControl "180+1"]
[Date "2022.02.15"]
[WhiteClock "0:00:48"]
[BlackClock "0:00:07"]

1. h4 e5 2. h5 d5 3. h6 Nxh6 4. d4 e4 5. Bxh6 gxh6 6. e3 Rg8 7. c4 c6 8. Nc3 Be6 9. Qb3 Qd7 10. Nge2 dxc4 11. Qc2 f5 12. Nf4 b5 13. d5 cxd5 14. Ncxd5 Bxd5 15. O-O-O Qf7 16. Rxd5 a6 17. Be2 Nd7 18. Rh5 O-O-O 19. Rhxf5 Nf6 20. Bxc4 bxc4 21. Qxc4+ Qc7 22. Qxc7+ Kxc7 23. Rxd8 Kxd8 24. Rxf6 Kc7 25. Rxa6 Bd6 26. Nd5+ Kd7 27. Nf6+ 1-0


[Site "https://www.chess.com"]

[Event "Titled Tuesday Blitz February 15 Early 2022"]
[White "Wartiovaara, Oliver"]
[Black "Gabrielian, Artur"]
[WhiteFideId "513024"]
[BlackFideId "4131002"]
[WhiteElo "1971"]
[BlackElo "2440"]
[Result "0-1"]
[Round "09"]
[TimeControl "180+1"]
[Date "2022.02.15"]
[WhiteClock "0:00:02"]
[BlackClock "0:00:08"]

1. e4 e5 2. Nf3 Nc6 3. Bc4 Nf6 4. d3 h6 5. O-O d6 6. a4 g6 7. Nc3 Bg7 8. h3 O-O 9. Be3 Kh7 10. Qd2 Nh5 11. d4 exd4 12. Nxd4 Ne5 13. Be2 Nf6 14. f4 Ned7 15. Bf3 Re8 16. Bf2 Nc5 17. Rfe1 c6 18. a5 Ne6 19. b4 c5 20. Nxe6 Bxe6 21. bxc5 dxc5 22. Qxd8 Rexd8 23. Rad1 Ng4 24. Nd5 Nxf2 25. Kxf2 Bd4+ 26. Kf1 Bxd5 27. exd5 Rd7 28. c4 Bc3 29. Re3 Bxa5 30. Rb3 Bb4 31. f5 gxf5 32. Bh5 Rg8 33. Rf3 Rg5 34. g4 fxg4 35. hxg4 Kg7 36. Kg2 Re5 37. Rdf1 Ree7 38. Rf6 Bc3 39. R6f3 Bd4 40. d6 Rxd6 41. Rxf7+ Rxf7 42. Rxf7+ Kg8 43. Rxb7 a5 44. Bf7+ Kf8 45. Ra7 Bc3 46. Bd5 Rf6 47. Kg3 Be5+ 48. Kh4 Bc3 49. Kh5 Ke8 50. g5 hxg5 51. Kxg5 Rb6 52. Kf5 Kd8 53. Ra8+ Kc7 54. Ra7+ Kd6 55. Ke4 Rb1 56. Ra6+ Ke7 57. Ra7+ Kf6 58. Kf4 Rf1+ 59. Ke4 Re1+ 60. Kd3 Bb4 61. Rf7+ Kg6 62. Ra7 Kg5 63. Rg7+ Kf6 64. Rf7+ Kg6 65. Ra7 Re5 66. Ra6+ Kg5 67. Ra7 Rf5 68. Rg7+ Kh6 69. Rf7 Rg5 70. Rf6+ Kh5 71. Rf7 Kh4 72. Ra7 Kg3 0-1


[Site "https://www.chess.com"]

[Event "Titled Tuesday Blitz February 15 Early 2022"]
[White "Weetik, Vjacheslav"]
[Black "Dushyant Sharma"]
[WhiteFideId "4153472"]
[BlackFideId "25065130"]
[WhiteElo "2469"]
[BlackElo "2012"]
[Result "1-0"]
[Round "09"]
[TimeControl "180+1"]
[Date "2022.02.15"]
[WhiteClock "0:00:15"]
[BlackClock "0:00:19"]

1. d4 d5 2. Bf4 e6 3. e3 Bd6 4. Nd2 f5 5. Ngf3 Nf6 6. g3 O-O 7. Bg2 c5 8. c3 Nc6 9. O-O b6 10. Ne5 Qc7 11. Nxc6 Qxc6 12. Bxd6 Qxd6 13. Nc4 Qc7 14. Ne5 Nd7 15. Nd3 Ba6 16. Re1 Rae8 17. Nf4 g5 18. Nd3 Bxd3 19. Qxd3 c4 20. Qd2 h6 21. b3 b5 22. a4 cxb3 23. axb5 Rc8 24. Rec1 Nb6 25. Qb2 f4 26. exf4 gxf4 27. Qxb3 Nc4 28. Qc2 Qg7 29. Re1 Rf6 30. Ra6 Nb6 31. Bh3 Re8 32. Qe2 Kh8 33. Qh5 Re7 34. Ra2 Nc4 35. Rae2 fxg3 36. hxg3 Qg8 37. Qh4 Rg6 38. Qxe7 1-0


[Site "https://www.chess.com"]

[Event "Titled Tuesday Blitz February 15 Early 2022"]
[White "Winkels, Marcel"]
[Black "Allahverdiyeva, Ayan"]
[WhiteFideId "1003887"]
[BlackFideId "13412590"]
[WhiteElo "1900"]
[BlackElo "1910"]
[Result "0-1"]
[Round "09"]
[TimeControl "180+1"]
[Date "2022.02.15"]
[WhiteClock "0:00:23"]
[BlackClock "0:01:44"]

1. e4 c5 2. Nf3 d6 3. d4 cxd4 4. Nxd4 Nf6 5. Nc3 e6 6. Be2 Be7 7. g4 a6 8. g5 Nfd7 9. h4 b6 10. Be3 Bb7 11. Qd2 Nc6 12. O-O-O b5 13. Nxc6 Bxc6 14. Bf4 b4 15. Nb1 Bxe4 16. Bxd6 Bxd6 17. Qxd6 Bxh1 18. Rxh1 Qe7 19. Qc6 O-O 20. Nd2 Rfc8 21. Qe4 Nc5 22. Qf3 a5 23. Ne4 Nxe4 24. Qxe4 b3 25. axb3 a4 26. Bd3 g6 27. b4 a3 28. bxa3 Rxa3 29. Kd2 Ra4 30. c3 Qa7 31. Rh2 Ra2+ 32. Bc2 Rd8+ 33. Ke2 Qa4 34. h5 Qxc2+ 35. Qxc2 Rxc2+ 36. Kf1 gxh5 37. Rh3 Rc8 38. b5 R2xc3 39. Rh4 Rb3 40. Rxh5 Rxb5 41. g6 Rxh5 0-1


[Site "https://www.chess.com"]

[Event "Titled Tuesday Blitz February 15 Early 2022"]
[White "Xiong, Jeffery"]
[Black "Narayanan.S.L"]
[WhiteFideId "2047640"]
[BlackFideId "5058422"]
[WhiteElo "2727"]
[BlackElo "2494"]
[Result "0-1"]
[Round "09"]
[TimeControl "180+1"]
[Date "2022.02.15"]
[WhiteClock "0:00:02"]
[BlackClock "0:00:10"]

1. e4 e6 2. d4 d5 3. e5 c5 4. c3 Qb6 5. Nf3 cxd4 6. cxd4 Bd7 7. Nc3 Bb4 8. Bd3 Bb5 9. O-O Bxd3 10. Qxd3 Ne7 11. Nh4 Nbc6 12. Nb5 Ng6 13. Nxg6 hxg6 14. a3 Be7 15. Be3 O-O 16. h4 a6 17. Nc3 Rfd8 18. Kh2 Nxe5 19. dxe5 d4 20. Bg5 Bxg5 21. hxg5 dxc3 22. Qxc3 Rac8 23. Qg3 Rd5 24. Rac1 Rcd8 25. Rc2 Rd3 26. f3 a5 27. Rfc1 Qe3 28. Rc7 b5 29. R1c3 Rxc3 30. Rxc3 Qd2 31. Rc7 Qxb2 32. Qf4 Rf8 33. Rb7 a4 34. Qe4 Qxa3 35. Rxb5 Qa1 36. Ra5 a3 37. Ra7 Qc1 38. f4 Rc8 39. Qa4 Rc4 40. Qe8+ Kh7 41. Qxf7 Qxf4+ 42. Qxf4 Rxf4 43. Rxa3 Rf5 44. Re3 Rxg5 45. Kh3 Rf5 46. Kg4 g5 47. g3 Kg6 48. Re1 Rf2 49. Re3 Rc2 50. Re4 Rc3 51. Ra4 Re3 52. Ra5 Kh6 53. Rb5 Kg6 54. Ra5 Re4+ 55. Kf3 Kf5 56. Ra7 g4+ 57. Kf2 g6 58. Rf7+ Kxe5 59. Rf8 Rc4 60. Rf7 Rc2+ 61. Kf1 Rc3 62. Kg2 Rf3 63. Ra7 Kf5 64. Ra4 e5 65. Ra8 Rd3 66. Rf8+ Ke4 67. Re8 Rd2+ 68. Kg1 Rd6 69. Kg2 Kd4 70. Kf2 Rf6+ 71. Ke2 Rf3 72. Rg8 Rxg3 73. Rxg6 Ke4 74. Kf2 Rf3+ 75. Kg2 Rf4 76. Ra6 Rf3 77. Ra8 Rc3 78. Rg8 g3 79. Rf8 Kd4 80. Rd8+ Ke4 81. Rf8 Ra3 82. Rf7 Kd4 83. Rd7+ Ke3 84. Kxg3 e4 85. Rb7 Ke2+ 86. Kg2 Ra2 87. Rb3 e3 88. Kg3 Kd2 89. Kf3 e2 0-1


[Site "https://www.chess.com"]

[Event "Titled Tuesday Blitz February 15 Early 2022"]
[White "Yuan, Qingyu"]
[Black "Maltsevskaya, Aleksandra"]
[WhiteFideId "8609772"]
[BlackFideId "24174041"]
[WhiteElo "2359"]
[BlackElo "2283"]
[Result "0-1"]
[Round "09"]
[TimeControl "180+1"]
[Date "2022.02.15"]
[WhiteClock "0:00:10"]
[BlackClock "0:00:15"]

1. Nf3 d5 2. g3 c6 3. Bg2 Bg4 4. O-O Nd7 5. h3 Bh5 6. d3 Ngf6 7. c4 e6 8. Qb3 Nc5 9. Qc2 Bd6 10. b4 Ncd7 11. c5 Be7 12. Bb2 a5 13. a3 O-O 14. Nbd2 b6 15. Nd4 Rc8 16. cxb6 Qxb6 17. bxa5 Qa6 18. g4 Bg6 19. N4b3 c5 20. Qc3 h6 21. a4 Rb8 22. Ba3 Rfc8 23. Rfc1 Bd6 24. Ra2 Be5 25. Qc2 c4 26. Na1 cxd3 27. Qd1 dxe2 28. Qe1 Rxc1 29. Bxc1 Nc5 30. Bf3 Bxa1 31. Rxa1 Nfe4 32. Bxe2 Qxa5 33. Ra2 Nxd2 34. Bxd2 Qa7 35. Be3 Rb1 36. Bd1 Qc7 37. Kg2 d4 38. Bxd4 Nd3 39. Qe3 Qc6+ 40. Bf3 Qc4 41. Rd2 Nf4+ 42. Qxf4 Qf1+ 43. Kg3 Qg1+ 44. Bg2 f6 45. Be3 Kh7 46. h4 e5 47. Qf3 Rb4 48. h5 Be4 49. Qxe4+ Rxe4 50. Rd1 Rxg4+ 51. Kxg4 Qxd1+ 52. Kg3 Qxa4 53. Bf3 Qc4 54. Bg4 Kh8 55. Bf5 Qf1 56. Be4 Qg1+ 57. Bg2 Qd1 58. Bf3 Qd6 59. Bg4 e4+ 60. Bf4 Qd3+ 61. Be3 Qd5 62. Bf4 f5 63. Be2 Qe6 64. Be3 g5 65. hxg6 Qxg6+ 66. Kf4 Qg5+ 67. Ke5 f4+ 68. Kxe4 fxe3 69. fxe3 Qg3 70. Kd3 Kg7 71. Ke4 Kf6 72. Kd4 Qe5+ 73. Kd3 Qd5+ 74. Kc2 Ke5 75. Bd3 Qf3 76. Kd2 Qf2+ 77. Be2 Ke4 78. Kd1 Kxe3 0-1


[Site "https://www.chess.com"]

[Event "Titled Tuesday Blitz February 15 Early 2022"]
[White "Zhu, Jiner"]
[Black "Cori T., Deysi"]
[WhiteFideId "8608059"]
[BlackFideId "3801934"]
[WhiteElo "2281"]
[BlackElo "2350"]
[Result "1-0"]
[Round "09"]
[TimeControl "180+1"]
[Date "2022.02.15"]
[WhiteClock "0:01:01"]
[BlackClock "0:00:02"]

1. e4 e6 2. d4 d5 3. Nc3 Be7 4. Nf3 Nf6 5. exd5 Nxd5 6. Ne4 O-O 7. Bd3 c5 8. dxc5 f5 9. Ng3 Bxc5 10. O-O Nc6 11. Qe2 Qf6 12. Nh5 Qf7 13. Nf4 h6 14. Re1 Bd7 15. c3 Rae8 16. Ne5 Nxe5 17. Qxe5 Nf6 18. Qxc5 g5 19. Ne2 f4 20. Nd4 Kg7 21. Nf3 Qh5 22. Ne5 Bc6 23. Bg6 Qh4 24. Bxe8 Bxe8 25. Qe7+ Bf7 26. b3 Ng4 27. Nxg4 Qxg4 28. Ba3 1-0


[Site "https://www.chess.com"]

[Event "Titled Tuesday Blitz February 15 Early 2022"]
[White "Allahverdiyeva, Ayan"]
[Black "Kirillov, Dmitry"]
[WhiteFideId "13412590"]
[BlackFideId "34180572"]
[WhiteElo "1910"]
[BlackElo "2076"]
[Result "0-1"]
[Round "10"]
[TimeControl "180+1"]
[Date "2022.02.15"]
[WhiteClock "0:02:18"]
[BlackClock "0:02:30"]

1. e4 c5 2. Nf3 e6 3. d4 cxd4 4. Nxd4 Nf6 5. Nc3 Nc6 6. Ndb5 Bc5 7. Nd6+ Ke7 8. Bf4 e5 9. Nf5+ Kf8 10. Bg5 d6 11. Bc4 Be6 12. Qd3 Bxc4 13. Qxc4 Bxf2+ 14. Kxf2 Ng4+ 15. Kg3 Qxg5 16. h4 Qf4+ 17. Kh3 Nf2# 0-1


[Site "https://www.chess.com"]

[Event "Titled Tuesday Blitz February 15 Early 2022"]
[White "Al-Tarboush, Ward"]
[Black "Mirzoev, Azer"]
[WhiteFideId "7601450"]
[BlackFideId "13400304"]
[WhiteElo "2276"]
[BlackElo "2525"]
[Result "1-0"]
[Round "10"]
[TimeControl "180+1"]
[Date "2022.02.15"]
[WhiteClock "0:02:15"]
[BlackClock "0:01:06"]

1. e4 Nc6 2. Nf3 e6 3. d4 d5 4. e5 Nge7 5. Bd3 Nb4 6. Be2 c5 7. c3 Nbc6 8. O-O Nf5 9. Na3 cxd4 10. cxd4 Bd7 11. Nc2 Nh4 12. Nxh4 Qxh4 13. g3 Qd8 14. f4 Qb6 15. Kh1 Be7 16. Be3 O-O 17. Bd3 Rfc8 18. g4 Qxb2 19. Rb1 Qc3 20. Rb3 Qa5 21. f5 Qd8 22. f6 Bf8 23. fxg7 Bxg7 24. g5 Ne7 25. Bxh7+ Kxh7 26. Qh5+ Kg8 27. Qxf7+ Kh8 28. Rf3 Nf5 29. Rh3+ Nh6 30. gxh6 Bf8 31. Rg3 1-0


[Site "https://www.chess.com"]

[Event "Titled Tuesday Blitz February 15 Early 2022"]
[White "Ambartsumova, Karina"]
[Black "Ljukin, Sergei"]
[WhiteFideId "4166299"]
[BlackFideId "14102200"]
[WhiteElo "2262"]
[BlackElo "2312"]
[Result "1-0"]
[Round "10"]
[TimeControl "180+1"]
[Date "2022.02.15"]
[WhiteClock "0:00:06"]
[BlackClock "0:00:02"]

1. c4 c6 2. Nf3 d5 3. d4 Nf6 4. g3 Bg4 5. Ne5 Bf5 6. Qb3 Qb6 7. cxd5 Qxb3 8. axb3 Nxd5 9. Bg2 Nb4 10. O-O Nc2 11. Ra4 f6 12. e4 fxe5 13. exf5 Nxd4 14. Re1 Nd7 15. f4 Nxb3 16. fxe5 Nxc1 17. Rxc1 Nxe5 18. Re1 Nd7 19. Nc3 g6 20. fxg6 hxg6 21. Rb4 O-O-O 22. Ra1 e5 23. Rg4 Rg8 24. Ne4 a6 25. Bh3 Kc7 26. Rh4 Rg7 27. Ng5 Nc5 28. b4 Be7 29. Rg4 Bxg5 30. Rxg5 Nd3 31. Rf1 Nxb4 32. Rxe5 Kb6 33. Re6 a5 34. Ref6 Rd2 35. Bg2 Re7 36. Bf3 g5 37. Rg6 Re5 38. h4 gxh4 39. gxh4 Rd8 40. h5 Rh8 41. Kg2 Nd5 42. Kg3 Ne3 43. Rh1 Rc5 44. h6 Nf5+ 45. Kf4 Nxh6 46. Rgxh6 Rxh6 47. Rxh6 Kb5 48. Rh1 b6 49. Rb1+ Ka6 50. Be2+ b5 51. Ke3 a4 52. Kd4 Rc2 53. Kd3 Rc4 54. Bd1 Ka5 55. Kd2 a3 56. Bb3 Rc5 57. Kd3 b4 58. Ba2 Rc3+ 59. Kd2 c5 60. Re1 Rh3 61. Re5 Kb5 62. Re2 c4 63. Re5+ Ka4 64. Bxc4 b3 65. Re4 1-0


[Site "https://www.chess.com"]

[Event "Titled Tuesday Blitz February 15 Early 2022"]
[White "Araujo Filho, Luiz Antonio Coel"]
[Black "Deuer, Marius"]
[WhiteFideId "2130661"]
[BlackFideId "16236432"]
[WhiteElo "2199"]
[BlackElo "2091"]
[Result "1-0"]
[Round "10"]
[TimeControl "180+1"]
[Date "2022.02.15"]
[WhiteClock "0:01:08"]
[BlackClock "0:00:01"]

1. d4 d5 2. Nf3 c6 3. e3 Nf6 4. Nbd2 Bf5 5. b3 a6 6. Bb2 h6 7. Be2 e6 8. O-O Bd6 9. Rc1 O-O 10. c4 Nbd7 11. Re1 Bh7 12. Ne5 Ne4 13. f3 Nxd2 14. Qxd2 Bxe5 15. dxe5 f6 16. exf6 Nxf6 17. Qc3 Qe7 18. Bd3 Bxd3 19. Qxd3 e5 20. cxd5 cxd5 21. Qf5 Rae8 22. Red1 Rf7 23. Rc8 Rxc8 24. Qxc8+ Kh7 25. Qf5+ g6 26. Qxe5 Qc5 27. Rd2 Qb6 28. h4 h5 29. Kh2 Kg7 30. Rxd5 Qb4 31. Rd4 Qe1 32. Rf4 Kh7 33. Qg5 Ng4+ 34. fxg4 Rxf4 35. Qe7+ Kh6 36. Qg7# 1-0


[Site "https://www.chess.com"]

[Event "Titled Tuesday Blitz February 15 Early 2022"]
[White "Atakhan, Abtin"]
[Black "Sharapov, Evgeny"]
[WhiteFideId "22502203"]
[BlackFideId "14103133"]
[WhiteElo "2119"]
[BlackElo "2367"]
[Result "1-0"]
[Round "10"]
[TimeControl "180+1"]
[Date "2022.02.15"]
[WhiteClock "0:00:02"]
[BlackClock "0:00:02"]

1. Nf3 c5 2. c4 Nc6 3. Nc3 e5 4. e3 Nf6 5. d4 exd4 6. exd4 d5 7. cxd5 Nxd5 8. Bb5 Nxc3 9. bxc3 cxd4 10. O-O Be7 11. Nxd4 Bd7 12. Re1 O-O 13. Bxc6 Bxc6 14. Nxc6 bxc6 15. Qf3 Bf6 16. Ba3 Re8 17. Qxc6 Rxe1+ 18. Rxe1 Rc8 19. Qd6 Qxd6 20. Bxd6 Bxc3 21. Rc1 Re8 22. Bc5 a5 23. Be3 Bb4 24. g3 h5 25. Kg2 Rd8 26. Kf3 Rd3 27. Ke4 Ra3 28. Rc2 Kf8 29. Bc1 Ra4 30. Kd5 Ba3 31. Rc4 Bb4 32. a3 Rxa3 33. Bxa3 Bxa3 34. Rc7 g6 35. Ra7 Bb4 36. f4 Kg7 37. Ra6 Be1 38. Ke4 Bb4 39. f5 gxf5+ 40. Kxf5 Bd2 41. h3 Be1 42. Kf4 Bd2+ 43. Kf3 Bb4 44. Ke3 Bc3 45. Rc6 Bb4 46. Ra6 Bc3 47. Kf4 Bd2+ 48. Kf5 Be1 49. Kg5 Bxg3 50. Kxh5 Be1 51. Kg5 Bd2+ 52. Kf5 Bc3 53. h4 Be1 54. h5 Bd2 55. Kg4 Bc3 56. Rd6 Bb4 57. Rd5 Bc3 58. Rc5 Bb4 59. Rd5 Bc3 60. Kg5 a4 61. h6+ Kh7 62. Rd3 Bb2 63. Rd7 Bc1+ 64. Kh5 Bxh6 65. Rxf7+ Bg7 66. Ra7 Kg8 67. Kg6 Bf8 68. Rxa4 1-0


[Site "https://www.chess.com"]

[Event "Titled Tuesday Blitz February 15 Early 2022"]
[White "Balint, Vilmos"]
[Black "Pires, Marcos Vinicius Torsani"]
[WhiteFideId "718050"]
[BlackFideId "2118939"]
[WhiteElo "2059"]
[BlackElo "2273"]
[Result "1-0"]
[Round "10"]
[TimeControl "180+1"]
[Date "2022.02.15"]
[WhiteClock "0:02:34"]
[BlackClock "0:02:12"]

1. e4 c6 2. d4 d5 3. e5 Qc7 4. Nf3 Bg4 5. Be2 e6 6. O-O c5 7. c4 Bxf3 8. Bxf3 dxc4 9. d5 exd5 10. Qxd5 Nc6 11. Bf4 Rd8 12. Qxc4 Rd4 13. Qc1 Nge7 14. Nc3 Ng6 15. Nb5 Qd8 16. Bxc6+ bxc6 17. Nxd4 Qxd4 18. Be3 Qxe5 19. Re1 Be7 20. Bxc5 Qf6 21. Bxe7 Nxe7 22. Qe3 1-0


[Site "https://www.chess.com"]

[Event "Titled Tuesday Blitz February 15 Early 2022"]
[White "Bashirli, Saadat"]
[Black "Iljin, Timofey"]
[WhiteFideId "13429990"]
[BlackFideId "14110180"]
[WhiteElo "1173"]
[BlackElo "2396"]
[Result "1-0"]
[Round "10"]
[TimeControl "180+1"]
[Date "2022.02.15"]
[WhiteClock "0:00:14"]
[BlackClock "0:00:04"]

1. d4 f5 2. Nf3 Nf6 3. Bg5 g6 4. Bxf6 exf6 5. e3 Bg7 6. Bd3 O-O 7. c4 d6 8. Nc3 Nc6 9. O-O Re8 10. Re1 Be6 11. d5 Ne5 12. Nxe5 fxe5 13. dxe6 Rxe6 14. e4 f4 15. Qg4 Re8 16. Rad1 c6 17. Bc2 Qf6 18. Rd2 Rad8 19. Red1 h5 20. Qe2 Kh7 21. f3 g5 22. Qf2 b6 23. Kh1 g4 24. Ne2 Qh6 25. Ng1 Re6 26. b3 Bf6 27. Qe2 Qg5 28. Qf2 Be7 29. b4 c5 30. b5 Rg8 31. h3 Reg6 32. Qf1 Qh4 33. Kh2 gxh3 34. Nxh3 Rg3 35. Rf2 Qf6 36. Qh1 Qh6 37. Qf1 Bh4 38. Re2 Qg6 39. Qg1 Qe6 40. Qf1 Qd7 41. Red2 R8g6 42. Bb1 Be7 43. a4 Qe6 44. Bc2 Qf7 45. a5 Qg7 46. axb6 axb6 47. Bd3 Qf6 48. Ra2 Qh4 49. Rdd2 Qf6 50. Ra7 Kh6 51. Rb7 Qh4 52. Rxb6 Qf6 53. Ra6 Qg7 54. Raa2 Bf6 55. Rab2 Be7 56. b6 Rxh3+ 57. gxh3 Rg3 58. Rg2 Bh4 59. Rxg3 fxg3+ 60. Kg2 Qc7 61. bxc7 Bg5 62. c8=Q h4 63. Qe6+ Kh5 64. Qg4+ Kh6 65. Rb6 Kg6 66. Rxd6+ Kg7 67. Qxg5+ Kf8 68. Qf6+ Ke8 69. Qe6+ Kf8 70. Qd7 Kg8 71. Rc6 1-0


[Site "https://www.chess.com"]

[Event "Titled Tuesday Blitz February 15 Early 2022"]
[White "Begunov, Konstantin"]
[Black "Stefanov, Plamen"]
[WhiteFideId "4118510"]
[BlackFideId "2900980"]
[WhiteElo "2262"]
[BlackElo "2137"]
[Result "0-1"]
[Round "10"]
[TimeControl "180+1"]
[Date "2022.02.15"]
[WhiteClock "0:00:13"]
[BlackClock "0:00:24"]

1. d4 Nf6 2. c4 c5 3. Nf3 cxd4 4. Nxd4 Nc6 5. Nc3 e6 6. g3 Bb4 7. Bg2 Bxc3+ 8. bxc3 O-O 9. O-O a6 10. Ba3 Re8 11. Rb1 d5 12. cxd5 exd5 13. Nxc6 bxc6 14. c4 Qa5 15. Bb4 Qxa2 16. cxd5 cxd5 17. Qd4 Bf5 18. Rb2 Qa4 19. e3 Rac8 20. Qf4 Bd3 21. Re1 Rc4 22. Qd6 Be4 23. Bf1 Rc6 24. Ra2 Qxa2 25. Qxc6 a5 26. Bc3 Re6 27. Qa8+ Ne8 28. Bxa5 d4 29. exd4 Bxa8 30. Rxe6 fxe6 31. Bb6 Qd5 32. Bc5 Qh1# 0-1


[Site "https://www.chess.com"]

[Event "Titled Tuesday Blitz February 15 Early 2022"]
[White "Bettalli, Francesco"]
[Black "Agasarov, Benik"]
[WhiteFideId "2816453"]
[BlackFideId "13314823"]
[WhiteElo "2216"]
[BlackElo "2600"]
[Result "1-0"]
[Round "10"]
[TimeControl "180+1"]
[Date "2022.02.15"]
[WhiteClock "0:00:12"]
[BlackClock "0:00:07"]

1. d4 d5 2. Nc3 c5 3. Bf4 Nc6 4. e3 a6 5. Nf3 e6 6. a3 Nf6 7. Bd3 Bd6 8. Ne5 Qc7 9. Nxc6 Bxf4 10. exf4 bxc6 11. dxc5 Qxf4 12. b4 Qe5+ 13. Ne2 O-O 14. O-O a5 15. c3 Ba6 16. Nd4 Bxd3 17. Qxd3 Qc7 18. Rfb1 e5 19. Nf5 e4 20. Qe3 Ng4 21. Qg5 Qxh2+ 22. Kf1 Qe5 23. Qxg4 g6 24. Nd4 h5 25. Qh4 axb4 26. axb4 Rac8 27. Kg1 e3 28. Qg3 exf2+ 29. Qxf2 Qg5 30. Re1 Qh6 31. Qf6 Rfe8 32. Rf1 Qe3+ 33. Kh1 Re7 34. Rae1 Qxe1 35. Rxe1 Rxe1+ 36. Kh2 Ree8 37. Nxc6 Rc7 38. Nd4 Re4 39. Qd6 Rc8 40. Qxd5 Rh4+ 41. Kg3 Rg4+ 42. Kf3 Re8 43. c6 h4 44. Kxg4 Kg7 45. Kxh4 Rh8+ 46. Kg3 Rh5 47. Qxh5 gxh5 48. c7 h4+ 49. Kxh4 f5 50. c8=Q Kh6 51. Qxf5 Kg7 52. Ne6+ Kh6 53. Qf6+ Kh7 54. Qg7# 1-0


[Site "https://www.chess.com"]

[Event "Titled Tuesday Blitz February 15 Early 2022"]
[White "Bintang, Rasyid A. Hidayat"]
[Black "Shuvalov, Evgenij"]
[WhiteFideId "7105355"]
[BlackFideId "4187237"]
[WhiteElo "2367"]
[BlackElo "2119"]
[Result "1/2-1/2"]
[Round "10"]
[TimeControl "180+1"]
[Date "2022.02.15"]
[WhiteClock "0:01:27"]
[BlackClock "0:00:30"]

1. d4 Nf6 2. Bf4 c5 3. e3 d5 4. Nd2 Nc6 5. Ngf3 e6 6. c3 Bd6 7. Bg3 O-O 8. Bd3 b6 9. e4 Be7 10. e5 Nh5 11. Ng5 Bxg5 12. Qxh5 g6 13. Qe2 cxd4 14. h4 Bh6 15. h5 dxc3 16. bxc3 d4 17. c4 Nb4 18. hxg6 Nxd3+ 19. Qxd3 Bxd2+ 20. Qxd2 fxg6 21. Rd1 Bb7 22. f3 Rc8 23. Qxd4 Qxd4 24. Rxd4 Rfd8 25. Rhh4 Ba6 26. Rxd8+ Rxd8 27. c5 bxc5 28. Ra4 Bb5 29. Rxa7 Rd7 30. Rxd7 Bxd7 31. Kd2 Kf7 32. Kc3 Bb5 33. Bf2 Bf1 34. g3 Bg2 35. f4 Ke7 36. Bxc5+ Kd7 37. a4 Kc6 38. Kd4 h5 39. a5 Kb5 40. Bb6 Bb7 41. Bd8 Ba6 42. Bb6 Bb7 43. Bd8 1/2-1/2


[Site "https://www.chess.com"]

[Event "Titled Tuesday Blitz February 15 Early 2022"]
[White "Blokhin, Sofia"]
[Black "Stanisz, Patryk"]
[WhiteFideId "4508190"]
[BlackFideId "1123106"]
[WhiteElo "1762"]
[BlackElo "1876"]
[Result "0-1"]
[Round "10"]
[TimeControl "180+1"]
[Date "2022.02.15"]
[WhiteClock "0:00:05"]
[BlackClock "0:00:06"]

1. e4 c5 2. Nf3 Nc6 3. d4 cxd4 4. Nxd4 Nf6 5. Nc3 e5 6. Ndb5 d6 7. Nd5 Nxd5 8. exd5 Ne7 9. c4 Nf5 10. Bd3 Be7 11. O-O O-O 12. Nc3 Nh4 13. g3 Ng6 14. h4 f5 15. h5 Nh8 16. f4 e4 17. Be2 Bf6 18. Be3 Nf7 19. Rb1 Bd7 20. g4 fxg4 21. Bxg4 Nh6 22. f5 Bg5 23. Bd4 Nxf5 24. Bxf5 Bxf5 25. Qe2 Qe7 26. Rbe1 Bh4 27. Rd1 Qg5+ 28. Kh1 Bg4 29. Qxe4 Bxd1 30. Rxd1 Qxh5 31. Qe6+ Kh8 32. Bxg7+ Kxg7 33. Rg1+ Bg5+ 34. Kg2 Qf3+ 35. Kh2 h6 36. Ne4 Qf4+ 37. Kh1 Rae8 38. Nxg5 hxg5 39. Qd7+ Kg8 40. Qxb7 Qh4+ 41. Kg2 Rf2# 0-1


[Site "https://www.chess.com"]